 Dungeon Crawl Stone Soup version 0.28.0-53-g5a82cb258f (webtiles) character file.

Game seed: 11488341915924594064

262429 spiderkeys the Scorcher (level 19, -26/112 HPs)
             Began as a Deep Elf Abyssal Knight on June 11, 2022.
             Was the Champion of Lugonu.
             Killed by the air
             ... invoked by Ladanoma the Cloud Mage
              (29 damage)
             ... in a wizard's laboratory.
             The game lasted 02:43:00 (55050 turns).

spiderkeys the Scorcher (Deep Elf Abyssal Knight)  Turns: 55050, Time: 02:43:01

Health: -26/112    AC: 17    Str:  7 (10) XL:     19   Next: 22%
Magic:  40/40      EV: 16    Int: 20 (21) God:    Lugonu [******]
Gold:   2618       SH:  6    Dex: 10 (15) Spells: 7/48 levels left

rFire   + + +      SeeInvis +   b - +9 demon trident (distort)
rCold   + + .      Faith    .   h - +1 buckler {rC+}
rNeg    . . .      Spirit   .   w - +1 robe {rC+ rF+}
rPois   .          Reflect  .   T - +2 helmet
rElec   +          Harm     .   n - +2 cloak {rCorr}
rCorr   +          Rampage  .   c - +0 pair of gloves {Stlth+}
Will    +....                   d - +2 pair of boots
Stlth   ++........              L - amulet of Necul {RegenMP rElec rF+++ Int-3 SInv}
HPRegen 0.28/turn               O - +4 ring of protection
MPRegen 0.67/turn               Z - ring of wizardry

@: on berserk cooldown
A: no striking features
}: 2/15 runes: decaying, gossamer
a: Renounce Religion, Depart the Abyss, Bend Space, Banish, Corrupt, Enter the
Abyss


You were in a wizard's laboratory.
You worshipped Lugonu.
Lugonu was exalted by your worship.
You visited 7 branches of the dungeon, and saw 33 of its levels.
You visited the Abyss 1 time.
You also visited: Bailey, Ice Cave and Wizlab.

You collected 3482 gold pieces.
You spent 864 gold pieces at shops.


   Skills:
 - Level 10.3 Fighting
 - Level 2.5 Polearms
 - Level 2.4 Armour
 - Level 15.0 Dodging
 - Level 5.0 Shields
 - Level 15.0 Spellcasting
 - Level 12.6 Conjurations
 - Level 5.0 Hexes
 - Level 5.0 Necromancy
 - Level 9.0 Transmutations
 * Level 16.9 Fire Magic
 - Level 4.0 Air Magic
 - Level 15.0 Earth Magic
 - Level 7.0 Poison Magic
 - Level 9.0 Invocations
 - Level 10.0 Evocations


You had 7 spell levels left.
You knew the following spells:

 Your Spells              Type           Power      Damage    Failure   Level
a - Animate Skeleton      Necr           70%        N/A       1%          1
b - Borgnjor's Vile Clut  Necr/Erth      26%        N/A       1%          5
c - Freezing Cloud        Conj/Ice/Air   18%        6-21      6%          5
f - Fulminant Prism       Conj/Hex       25%        3d14      1%          4
i - Ignite Poison         Fire/Tmut/Pois 56%        N/A       1%          3
m - Mephitic Cloud        Conj/Pois/Air  46%        N/A       1%          3
o - Olgreb's Toxic Radia  Pois           43%        N/A       1%          4
s - Searing Ray           Conj           100%       2d8       1%          2
I - Ignition              Fire           35%        3d11      13%         8
S - Statue Form           Tmut/Erth      38%        N/A       2%          6

Your spell library contained the following spells:

 Spells                   Type           Power      Damage    Failure   Level
 Beastly Appendage        Tmut           100%       N/A       1%          1
 Magic Dart               Conj           100%       1d8       1%          1
 Pain                     Necr           100%       1d9       1%          1
 Shock                    Conj/Air       100%       1d9       1%          1
 Corpse Rot               Necr/Air       66%        N/A       1%          2
 Ensorcelled Hibernation  Hex/Ice        50%        N/A       1%          2
 Poisonous Vapours        Pois/Air       74%        N/A       1%          2
 Static Discharge         Conj/Air       48%        N/A       1%          2
 Wereblood                Tmut           50%        N/A       1%          2
 Conjure Flame            Conj/Fire      65%        6-21      1%          3
 Spider Form              Tmut/Pois      47%        N/A       1%          3
 Swiftness                Air            31%        N/A       1%          3
 Vampiric Draining        Necr           35%        2d8       1%          3
 Petrify                  Tmut/Erth      58%        N/A       1%          4
 Sticky Flame             Conj/Fire      65%        2d8       1%          4
 Blade Hands              Tmut           25%        N/A       1%          5
 Anguish                  Hex/Necr       17%        N/A       2%          4
 Dispel Undead            Necr           35%        3d15      2%          4
 Alistair's Intoxication  Tmut/Pois      31%        N/A       2%          5
 Airstrike                Air            15%        N/A       4%          4
 Gell's Gravitas          Tloc           15%        N/A       6%          3
 Lesser Beckoning         Tloc           15%        N/A       6%          3
 Teleport Other           Tloc           15%        N/A       6%          3
 Conjure Ball Lightning   Conj/Air       24%        3x3d7     11%         6
 Eringya's Noxious Bog    Tmut/Pois      23%        N/A       12%         6
 Metabolic Englaciation   Hex/Ice        12%        N/A       21%         5
 Malign Gateway           Summ/Tloc      7%         N/A       100%        7
 Ozocubu's Refrigeration  Ice            7%         4d6       100%        7
 Discord                  Hex            17%        N/A       100%        8
 Disjunction              Tloc           7%         N/A       100%        8
 Summon Horrible Things   Summ           7%         N/A       100%        8

Inventory:

Hand Weapons
 b - a +9 demon trident of distortion (weapon)
   (You took it off a red devil on level 2 of the Orcish Mines)
 x - the +4 flail "Cipryffoewu" {vorpal, +Blink Int+3}
   (You took it off a kobold demonologist in a bailey)

   It inflicts extra damage upon your enemies.
   Int:       It affects your intelligence (+3).
   +Blink:    It lets you blink.
 M - the +9 war axe of the Evening {freeze, rElec rF+ Dex-4}
   (You found it on level 6 of the Lair of Beasts)

   It freezes those it strikes, dealing additional cold damage.
   It can also slow down cold-blooded creatures.
   Dex:       It affects your dexterity (-4).
   rF:        It protects you from fire.
   rElec:     It insulates you from electricity.
Armour
 c - a +0 pair of gloves of stealth (worn)
   (You found it on level 2 of the Spider Nest)
 d - a +2 pair of boots (worn)
   (You found it on level 1 of the Dungeon)
 h - a +1 buckler of cold resistance (worn)
   (You found it in an ice cave)
 n - a +2 cloak of preservation (worn)
   (You took it off Nikola on level 1 of the Vaults)
 w - a +1 robe of resistance (worn)
   (You took it off Pikel on level 3 of the Dungeon)
 T - a +2 helmet (worn)
   (You found it on level 10 of the Dungeon)
Jewellery
 i - an amulet of reflection
   (You took it off a kobold demonologist on level 13 of the Dungeon)
 o - the amulet "Ihis" {+Inv rElec rPois Regen+ Dex+2}
   (You found it on level 5 of the Lair of Beasts)

   [amulet of regeneration]

   Dex:       It affects your dexterity (+2).
   rElec:     It insulates you from electricity.
   rPois:     It protects you from poison.
   +Inv:      It lets you turn invisible.
   Regen:     It increases your rate of health regeneration.
 v - a ring of see invisible
   (You bought it in a shop on level 2 of the Orcish Mines)
 C - a ring of protection from cold
   (You found it on level 7 of the Dungeon)
 F - a ring of protection from fire
   (You found it on level 2 of the Dungeon)
 L - the amulet of Necul (around neck) {RegenMP rElec rF+++ Int-3 SInv}
   (You acquired it on level 4 of the Swamp)

   [amulet of magic regeneration]

   It increases your rate of magic regeneration.
   Int:       It affects your intelligence (-3).
   rF:        It renders you almost immune to fire.
   rElec:     It insulates you from electricity.
   SInv:      It lets you see invisible.
 O - a +4 ring of protection (left hand)
   (You found it on level 3 of the Dungeon)
 R - a ring of resist corrosion
   (You found it on level 14 of the Dungeon)
 Z - a ring of wizardry (right hand)
   (You found it on level 4 of the Dungeon)
Wands
 p - a wand of iceblast (15)
   (You found it on level 1 of the Lair of Beasts)
 A - a wand of flame (68)
   (You took it off an orc wizard on level 6 of the Dungeon)
 I - a wand of charming (8)
   (You found it on level 8 of the Dungeon)
 Q - a wand of acid (3)
   (You found it on level 9 of the Dungeon)
 V - a wand of paralysis (19)
   (You found it on level 10 of the Dungeon)
 W - a wand of digging (15)
   (You took it off a centaur on level 11 of the Dungeon)
Scrolls
 a - 10 scrolls of teleportation {@r4}
 l - 6 scrolls of amnesia
 q - a scroll of vulnerability {!r!r}
 r - a scroll of magic mapping {!r}
 s - 6 scrolls of fear
 y - 4 scrolls of fog
 S - 3 scrolls of immolation {!r!r}
 Y - a scroll of torment {!r}
Potions
 e - 4 potions of attraction {!q}
 g - 4 potions of brilliance
 j - 3 potions of lignification {!q}
 k - a potion of cancellation
 m - 13 potions of curing {@q1}
 u - 6 potions of flight
 z - 3 potions of resistance
 B - 2 potions of invisibility
 E - 11 potions of mutation {!q}
 G - 5 potions of haste {@q3}
 K - 4 potions of might
 P - a potion of magic
 U - 6 potions of ambrosia
Miscellaneous
 t - a box of beasts
   (You found it on level 6 of the Lair of Beasts)
 D - a tin of tremorstones (1/2)
   (You found it on level 1 of the Vaults)
 H - a phantom mirror
   (You found it on level 6 of the Lair of Beasts)

Dungeon Overview and Level Annotations

Branches:
Dungeon (15/15)            Temple (1/1) D:4            Lair (6/6) D:9
  Swamp (4/4) Lair:4       Spider (4/4) Lair:3        Slime (0/5) Lair:5
    Orc (2/2) D:9             Elf (0/3) Orc:2        Vaults (1/5) D:14
 Depths (0/4) D:15         Bailey (visited)           IceCv (visited)
 WizLab (1/1)

Altars:
Fedhas
Gozag
Makhleb
Trog
Vehumet
The Shining One

Shops:
D:6 *   Orc:2 *?=[

Portals:
Pandemonium: Orc:2

Annotations:
D:5 3 runed translucent doors, PyroL's ghost, novice MiBe; ZoeForever1's ghost, novice DsGl
Lair:3 exclusion: oklob plant
Abyss:1 Aizul; Gastronok

...####################≈≈≈≈≈≈≈≈≈≈
......................###≈≈≈≈≈≈≈≈
≈≈≈≈≈≈≈≈≈≈≈≈≈≈≈≈≈≈≈≈≈...###≈≈≈≈≈≈
####################≈≈≈...##≈≈≈≈≈
# ###########≈≈≈≈≈..#≈≈≈≈≈
#..#..#.§##≈≈≈≈≈≈.##≈≈≈≈
.......§§§#≈≈≈≈≈≈..#≈≈≈≈
...§.§§§§§#≈≈≈≈≈≈≈.##≈≈≈
....§.§@..#≈≈≈≈≈≈≈..#≈≈≈
.....§§@..'.........#≈≈≈
.......§§.#≈≈≈≈≈≈≈..#≈≈≈
......§§§§#≈≈≈≈≈≈≈.##≈≈≈
........§.#≈≈≈≈≈≈..#≈≈≈≈
#..#..#§.##≈≈≈≈≈≈.##≈≈.≈ #
###########≈≈≈≈≈..#≈≈≈≈≈
####################≈≈≈...##≈≈≈≈≈
≈≈≈≈≈≈≈≈≈≈≈≈≈≈≈≈≈≈≈≈≈...###≈≈≈≈≈≈


You could see Ladanoma the Cloud Mage (fast, gusty).


Message History

Really quaff
j - 3 potions of lignification {!q}?
Okay, then.
Really quaff
J - a potion of berserk rage {!q}?
A red film seems to cover your vision as you go berserk!
You feel yourself moving faster!
You feel mighty!
You are engulfed in whirling frost.
Ladanoma hits you but does no damage. You block Ladanoma's attack. 😮 HP[+40]
You now have 168 max hp (+56).
You regained 40 hp, and now have 120/168 hp.
You miss Ladanoma.
Ladanoma hits you with the +8 spear of Kod Xevu {spect, +Blink rF- rC+++ Stlth+}! 😮 HP[-8]
You take 8 damage, and now have 112/168 hp.
You barely miss Ladanoma.
You float gracefully downwards.
Ladanoma hits you but does no damage.
You completely miss Ladanoma. You block Ladanoma's attack.
You puncture Ladanoma!
Space warps around Ladanoma.
Ladanoma barely misses you. 😮 HP[+1]
You closely miss Ladanoma.
Ladanoma hits you with the +8 spear of Kod Xevu {spect, +Blink rF- rC+++ Stlth+}. 😮 HP[-4]
You take 4 damage, and now have 109/168 hp.
You miss Ladanoma. You block Ladanoma's attack.
You puncture Ladanoma!
Space warps around Ladanoma.
You block Ladanoma's attack.
Ladanoma hits you with the +8 spear of Kod Xevu {spect, +Blink rF- rC+++ Stlth+}! 😮 HP[-9]
You take 9 damage, and now have 100/168 hp.
You miss Ladanoma.
Ladanoma hits you with the +8 spear of Kod Xevu {spect, +Blink rF- rC+++ Stlth+}! 😮 HP[-6]
You take 6 damage, and now have 94/168 hp.
You puncture Ladanoma!
Ladanoma hits you with the +8 spear of Kod Xevu {spect, +Blink rF- rC+++ Stlth+}. 😮 HP[-4]
You take 4 damage, and now have 90/168 hp.
You miss Ladanoma.
Ladanoma hits you with the +8 spear of Kod Xevu {spect, +Blink rF- rC+++ Stlth+}.
* * * LOW HITPOINT WARNING * * *
😨 HP[-6]
You take 6 damage, and now have 84/168 hp.
You impale Ladanoma!!
Space warps horribly around Ladanoma!
You block Ladanoma's attack.
Ladanoma hits you with the +8 spear of Kod Xevu {spect, +Blink rF- rC+++ Stlth+}.
* * * LOW HITPOINT WARNING * * *
😨 HP[-5]
You take 5 damage, and now have 79/168 hp.
Okay, then.
You closely miss Ladanoma.
Ladanoma waves his arms in wide circles.
The air twists around and strikes you!!
* * * LOW HITPOINT WARNING * * *
😨 HP[-18]
You take 18 damage, and now have 61/168 hp.
You impale Ladanoma!!
Space warps around Ladanoma.
Ladanoma hits you but does no damage.
You closely miss Ladanoma.
You are no longer berserk.
You are exhausted.
You feel yourself slow down.
Ladanoma hits you with the +8 spear of Kod Xevu {spect, +Blink rF- rC+++ Stlth+}!
* * * LOW HITPOINT WARNING * * *
Ladanoma waves his arms in wide circles.
The air twists around and strikes you!
* * * LOW HITPOINT WARNING * * *
😱 HP[-36]
You now have 112 max hp (-56).
You feel much better. Ladanoma hits you but does no damage.
Ladanoma waves his arms in wide circles.
The air twists around and strikes you!!
* * * LOW HITPOINT WARNING * * *
Magic scrolls do not work when you're silenced!
Okay, then.
Okay, then.
Okay, then.
Okay, then.
You closely miss Ladanoma. You block Ladanoma's attack.
Ladanoma hits you with the +8 spear of Kod Xevu {spect, +Blink rF- rC+++ Stlth+}!
* * * LOW HITPOINT WARNING * * *
Ladanoma hits you with the +8 spear of Kod Xevu {spect, +Blink rF- rC+++ Stlth+}!
* * * LOW HITPOINT WARNING * * *
😱 HP[-15]
You take 15 damage, and now have 10/112 hp.
Unknown command.
You cannot cast spells when silenced!
Magic scrolls do not work when you're silenced!
Okay, then.
Okay, then.
Magic scrolls do not work when you're silenced!
Unknown command.
Your magical effects are unravelling.
You feel magically purged.
You feel yourself speed up.
Your hearing returns.
Ladanoma hits you with the +8 spear of Kod Xevu {spect, +Blink rF- rC+++ Stlth+}!
* * * LOW HITPOINT WARNING * * *
Ladanoma waves his arms in wide circles.
The air twists around and strikes you!!
You die...

Skill      XL: |  1  2  3  4  5  6  7  8  9 10 11 12 13 14 15 16 17 18 19 |
---------------+----------------------------------------------------------+-----
Spellcasting   | 1 2 3 4 5 8 10 13 14 15 | 15.0
Dodging        | 3 4 5 6 7 9 11 12 13 14 15 | 15.0
Hexes          | 1 2 4 5 |  5.0
Conjurations   | 1 2 4 5 6 8 9 11 12 | 12.6
Fighting       | 3 4 6 7 8 9 10 | 10.3
Invocations    | 3 4 5 7 9 |  9.0
Poison Magic   | 3 5 6 7 |  7.0
Air Magic      | 3 4 |  4.0
Transmutations | 7 9 |  9.0
Earth Magic    | 7 9 11 15 | 15.0
Evocations     | 4 10 | 10.0
Shields        | 5 |  5.0
Necromancy     | 5 |  5.0
Polearms       | 2 |  2.5
Fire Magic     | 9 15 16 | 16.9
Armour         | 2 |  2.4

Action                   |  1- 3 |  4- 6 |  7- 9 | 10-12 | 13-15 | 16-18 | 19-21 || total
-------------------------+-------+-------+-------+-------+-------+-------+-------++-------
Melee: Spear             |   130 |    86 |       |       |       |       |       ||   216
       Dagger            |    17 |       |       |       |       |       |       ||    17
       Punch             |     3 |     1 |     1 |     3 |     5 |       |       ||    13
       Short sword       |       |   156 |   109 |   109 |       |       |       ||   374
       Flail             |       |       |       |   120 |   343 |       |       ||   463
       Demon trident     |       |       |       |       |    56 |  1108 |   113 ||  1277
       Long sword        |       |       |       |       |    21 |       |       ||    21
Throw: Dart              |       |    11 |     1 |     3 |       |       |       ||    15
 Cast: Searing Ray       |       |    13 |    40 |    53 |    20 |       |     1 ||   127
       Ensorcelled Hiber |       |     3 |     5 |     1 |       |       |       ||     9
       Fulminant Prism   |       |       |    50 |   100 |    33 |     1 |       ||   184
       Animate Skeleton  |       |       |       |     7 |       |       |       ||     7
       Olgreb's Toxic Ra |       |       |       |    25 |   141 |   112 |     4 ||   282
       Ignite Poison     |       |       |       |    17 |    93 |    67 |     1 ||   178
       Freezing Cloud    |       |       |       |       |    97 |    64 |     3 ||   164
       Mephitic Cloud    |       |       |       |       |     3 |     1 |       ||     4
       Statue Form       |       |       |       |       |    81 |   159 |    14 ||   254
       Borgnjor's Vile C |       |       |       |       |       |    51 |     3 ||    54
       Ignition          |       |       |       |       |       |     5 |     3 ||     8
Invok: Bend Space        |       |     3 |    28 |    12 |    10 |    32 |     2 ||    87
       Banish            |       |       |     1 |     9 |     5 |     5 |     4 ||    24
       Brand Weapon With |       |       |       |       |     1 |       |       ||     1
 Abil: End Transformatio |       |       |       |       |       |     1 |       ||     1
Evoke: Wand              |       |       |    16 |    21 |       |     6 |       ||    43
       Box of beasts     |       |       |       |       |       |       |     1 ||     1
       Tin of tremorston |       |       |       |       |       |       |     1 ||     1
  Use: Scroll            |       |     4 |     3 |    10 |    13 |    11 |     6 ||    47
       Potion            |       |     2 |     2 |     2 |     6 |     3 |     4 ||    19
 Stab: Sleeping          |     2 |     1 |       |       |       |     2 |       ||     5
       Petrified         |       |       |       |       |     1 |       |       ||     1
       Distracted        |       |       |       |       |       |     1 |       ||     1
Armor: Leather armour    |    30 |       |       |       |       |       |       ||    30
       Ring mail         |     7 |   119 |    34 |       |       |       |       ||   160
       Robe              |       |       |    62 |   130 |    46 |    26 |    11 ||   275
       Skin              |       |       |       |       |   365 |  1498 |   192 ||  2055
Dodge: Dodged            |    62 |   153 |   165 |   357 |   867 |  2166 |   154 ||  3924
Block: Other             |       |       |       |    58 |    36 |       |       ||    94
       Reflection        |       |       |       |     1 |       |       |       ||     1
       Buckler           |       |       |       |       |       |   763 |    60 ||   823

Levels and vault maps discovered:
D:1:      amcnicky_arrival_feature_with_door, layout_basic
D:2:      layout_rooms
D:3:      layout_basic, serial_curves, eino_curves_02, eino_curves_02,
          eino_curves_04, chequers_serial_rivers_small_3, hex_intersection,
          uniq_natasha
D:4:      layout_loops_cross, minmay_temple_entry_stoned_glass,
          uniq_crazy_yiuf_cottage
D:5:      layout_basic, gammafunk_ghost_cemetery
D:6:      layout_loops_cross, lemuel_round_altar,
          nicolae_gozag_zags_fifth_avenue, uniq_eustachio, uniq_menkaure,
          uniq_pikel
D:7:      layout_loops_cross, uniq_joseph, uniq_maggie
D:8:      layout_cave_pools, enter_bailey_2, chequers_big_river, uniq_gastronok,
          uniq_psyche
D:9:      layout_roguey, erik_lair_orcish_takeover, orc_0_dummy
D:10:     layout_roguey, uniq_harold
D:11:     layout_basic
D:12:     layout_long_grid, uniq_nergalle
D:13:     layout_loops_ring, hangedman_abyss_or_decor_passed,
          vehumet_altar_wand_db
D:14:     layout_irregular_city, david_vaults_2, minmay_statue_bubble
D:15:     hangedman_depths_entry_try_elsewhere_first, layout_long_grid,
          serial_bayou_shore_a, special_room [special_room_mythical_zoo],
          uniq_louise
Temple:   mainiacjoe_temple_cubbyholes
Lair:1:   layout_loops_ring, minivault_24, uniq_urug
Lair:2:   layout_cave_shapes, serial_bayou_pond_e, grunt_forest_large_clearings
Lair:3:   layout_cellular_growth, spider_nest_entry_webs, lemuel_fruit_tree,
          infiniplex_staircase_pool_2
Lair:4:   layout_big_grid, swamp_mist, tgw_fedhas, serial_bayou_shore_b,
          grunt_megastairs_4
Lair:5:   dpeg_oklob_gauntlet, layout_gridlike, slime_dummy
Lair:6:   guppyfry_lair_end_dragon, layout_long_grid, hangedman_lair_in_review
Swamp:1:  layout_basic_swamp, serial_swamp_ruin, evilmike_swamp_ruin_house_2,
          evilmike_swamp_ruin_rubble_1, evilmike_swamp_ruin_house_6,
          swamp_pool2, grunt_hermit_hut
Swamp:2:  layout_basic_swamp, nicolae_swamp_round_clearing, uniq_donald
Swamp:3:  layout_basic_swamp, evilmike_swamp_ruin_rubble_2, swamp_pool1,
          uniq_kirke
Swamp:4:  swamp_icy, layout_basic_swamp, infiniplex_staircase_pool
Spider:1: layout_chambers, nicolae_spider_bzzzt
Spider:2: layout_chambers
Spider:3: layout_spider_delve
Spider:4: guppyfry_spider_rune, portal_ice_cave_entry_dragon,
          hangedman_spider_tarantella_strand, uniq_roxanne
Orc:1:    layout_caves, basic_altar, serial_shops, shop, minmay_orc_treasury
Orc:2:    pf_orc_diabolical, layout_caves, bloody_makhleb
Vaults:1: infiniplex_enter_wizlab_spiral, nicolae_vaults_border_crossing,
          hangedman_vaults_snaps, vaults_room_fancy_cross,
          nicolae_vaults_arrows, vaults_dpeg_spiral,
          nicolae_vaults_circle_grid_b, ontoclasm_vaults_loading_screen,
          vaults_mumra_chevron, hangedman_vaults_variations,
          vaults_room_stairs_pillars, vaults_room_pools,
          layout_vaults_big_cross, enter_trove_0, uniq_aizul, uniq_nikola
WizLab:   wizlab_cloud

Notes
Turn   | Place    | Note
-------+----------+-------------------------------------------
     0 | Abyss:1  | spiderkeys the Deep Elf Abyssal Knight began the quest for
                  | the Orb.
     0 | Abyss:1  | Reached XP level 1. HP: 13/13 MP: 4/4
     0 | Abyss:1  | magus.rc [v1.11.3]
     9 | D:1      | You pass through the gate.
     9 | D:1      | Escaped the Abyss
   346 | D:1      | Reached skill level 1 in Spellcasting
   465 | D:1      | Reached XP level 2. HP: 18/18 MP: 5/5
   477 | D:1      | You pick up a book of Dreams and begin reading...
   477 | D:1      | You add the spells Ensorcelled Hibernation, Spider Form and
                  | Anguish to your library.
   489 | D:1      | Learned a level 2 spell: Ensorcelled Hibernation
  1048 | D:1      | Reached XP level 3. HP: 17/22 MP: 5/7
  1129 | D:2      | Reached ** piety under Lugonu
  1136 | D:2      | Reached skill level 3 in Dodging
  1157 | D:2      | Reached skill level 1 in Hexes
  1646 | D:2      | You pick up a book of Conjurations and begin reading...
  1646 | D:2      | You add the spells Magic Dart, Searing Ray and Fulminant
                  | Prism to your library.
  1684 | D:2      | Learned a level 2 spell: Searing Ray
  1946 | D:3      | Reached skill level 2 in Spellcasting
  2139 | D:3      | You pick up a book of Necromancy and begin reading...
  2139 | D:3      | You add the spells Pain, Animate Skeleton and Vampiric
                  | Draining to your library.
  2162 | D:3      | Reached XP level 4. HP: 27/27 MP: 9/9
  2541 | D:3      | Reached skill level 1 in Conjurations
  2655 | D:3      | Reached skill level 3 in Fighting
  2655 | D:3      | Reached skill level 3 in Invocations
  2678 | D:3      | Reached XP level 5. HP: 13/32 MP: 10/10
  2886 | D:3      | Noticed Natasha
  2899 | D:3      | Killed Natasha
  2900 | D:3      | Reached skill level 2 in Conjurations
  3155 | D:3      | Noticed Natasha
  3385 | D:3      | Killed Natasha
  3595 | D:3      | Noticed Natasha
  3611 | D:3      | Killed Natasha
  3612 | D:3      | Reached skill level 3 in Spellcasting
  3709 | D:4      | Found a staircase to the Ecumenical Temple.
  3876 | D:4      | Learned a level 1 spell: Animate Skeleton
  3932 | D:4      | You add the spells Ignite Poison, Mephitic Cloud and
                  | Freezing Cloud to your library.
  3938 | D:4      | Reached XP level 6. HP: 37/37 MP: 7/12
  4025 | D:4      | You pick up a book of Displacement and begin reading...
  4025 | D:4      | You add the spells Lesser Beckoning, Gell's Gravitas and
                  | Teleport Other to your library.
  4050 | D:4      | Found a runed translucent door.
  4051 | D:4      | Noticed Crazy Yiuf
  4333 | D:4      | Reached *** piety under Lugonu
  4825 | Temple   | Entered the Ecumenical Temple
  5011 | D:4      | Killed Crazy Yiuf
  5012 | D:4      | Reached skill level 4 in Dodging
  5012 | D:4      | Reached skill level 3 in Conjurations
  5208 | D:5      | Entered Level 5 of the Dungeon
  5540 | D:5      | Reached skill level 4 in Spellcasting
  5540 | D:5      | Reached skill level 4 in Conjurations
  5540 | D:5      | Reached XP level 7. HP: 35/41 MP: 5/15
  5628 | D:5      | Reached skill level 4 in Invocations
  5883 | D:5      | Found a runed translucent gate.
  5883 | D:5      | Found a runed translucent gate.
  5883 | D:5      | Found a runed translucent gate.
  5884 | D:5      | Noticed ZoeForever1's ghost (novice DsGl)
  5885 | D:5      | Noticed PyroL's ghost (novice MiBe)
  5914 | D:5      | You add the spells Olgreb's Toxic Radiance, Ozocubu's
                  | Refrigeration and Ignition to your library.
  5920 | D:5      | Learned a level 4 spell: Fulminant Prism
  6269 | D:5      | You add the spells Conjure Flame and Sticky Flame to your
                  | library.
  6355 | D:5      | Reached skill level 2 in Hexes
  6584 | D:6      | Noticed Menkaure
  6584 | D:6      | Noticed Pikel
  6687 | D:5      | HP: 2/42 [Menkaure (15)]
  6695 | D:5      | HP: 3/42 [??? (1)]
  7116 | D:5      | Killed Menkaure
  7117 | D:5      | Reached skill level 4 in Fighting
  7117 | D:5      | Reached skill level 5 in Dodging
  7117 | D:5      | Reached skill level 5 in Conjurations
  7117 | D:5      | Reached XP level 8. HP: 38/48 MP: 15/17
  7621 | D:3      | Killed Pikel
  7622 | D:3      | Reached skill level 5 in Spellcasting
  7622 | D:3      | Reached skill level 3 in Hexes
  7848 | D:6      | Found Gozag's Platinum Reserve.
  7862 | D:6      | Found an opulent altar of Gozag.
  8118 | D:5      | Reached skill level 5 in Invocations
  8125 | D:5      | Reached skill level 6 in Conjurations
  8348 | D:6      | Noticed Eustachio
  8433 | D:5      | Killed Eustachio
  8434 | D:5      | Reached skill level 4 in Hexes
  8664 | D:6      | Reached skill level 6 in Dodging
  8753 | D:6      | Reached XP level 9. HP: 53/53 MP: 6/18
  8905 | D:6      | Found a glowing golden altar of the Shining One.
  9160 | D:6      | Reached skill level 5 in Fighting
  9359 | D:6      | Reached skill level 7 in Conjurations
  9459 | D:7      | Noticed Maggie
  9686 | D:7      | Reached skill level 5 in Hexes
 10024 | D:7      | Reached skill level 6 in Invocations
 10301 | D:7      | Paralysed by a hornet for 1 turns
 10305 | D:7      | Reached skill level 8 in Conjurations
 10306 | D:7      | Reached skill level 7 in Dodging
 10401 | D:7      | Killed Maggie
 10490 | D:7      | Reached skill level 7 in Invocations
 10777 | D:7      | Noticed Joseph
 11040 | D:7      | Killed Joseph
 11041 | D:7      | Reached skill level 6 in Fighting
 11041 | D:7      | Reached XP level 10. HP: 34/60 MP: 3/19
 11635 | D:8      | Noticed Gastronok
 11635 | D:8      | Noticed Psyche
 11721 | D:8      | Reached skill level 8 in Dodging
 11968 | D:8      | Found a flagged portal.
 11977 | Bailey   | Entered a bailey
 12110 | Bailey   | Reached skill level 8 in Invocations
 12425 | Bailey   | Reached **** piety under Lugonu
 12470 | Bailey   | Reached skill level 9 in Dodging
 12796 | Bailey   | Identified the +4 flail "Cipryffoewu" {vorpal, +Blink
                  | Int+3}
 12801 | Bailey   | Noticed a soul eater
 12806 | Bailey   | Reached skill level 7 in Fighting
 13038 | Bailey   | Learned a level 3 spell: Mephitic Cloud
 13225 | Bailey   | Found an iron altar of Okawaru.
 13299 | Bailey   | Reached skill level 1 in Poison Magic
 13419 | Bailey   | You pick up a book of Dreams and begin reading...
 13475 | Bailey   | Acquired 713 gold pieces
 13640 | D:8      | Learned a level 4 spell: Olgreb's Toxic Radiance
 13701 | D:8      | Killed Psyche
 13702 | D:8      | Reached skill level 2 in Poison Magic
 13710 | D:8      | Banished Gastronok
 13711 | D:8      | Reached skill level 3 in Poison Magic
 13711 | D:8      | Reached skill level 9 in Invocations
 13711 | D:8      | Reached XP level 11. HP: 66/67 MP: 7/21
 14288 | D:9      | Found a staircase to the Orcish Mines.
 14319 | D:9      | Reached skill level 6 in Spellcasting
 14442 | D:9      | Reached skill level 4 in Poison Magic
 14495 | D:9      | You pick up a book of Vapours and begin reading...
 14495 | D:9      | You add the spells Poisonous Vapours and Corpse Rot to your
                  | library.
 14568 | D:9      | Reached skill level 10 in Dodging
 14680 | D:9      | Found a staircase to the Lair.
 14692 | D:9      | Noticed a two-headed ogre
 14701 | D:9      | Banished a two-headed ogre
 15067 | D:9      | Reached skill level 5 in Poison Magic
 15334 | D:10     | Entered Level 10 of the Dungeon
 15484 | D:10     | You pick up a book of Air and begin reading...
 15484 | D:10     | You add the spells Shock, Swiftness and Airstrike to your
                  | library.
 15761 | D:10     | Reached skill level 9 in Conjurations
 15857 | D:10     | Reached skill level 7 in Spellcasting
 15864 | D:10     | Learned a level 5 spell: Freezing Cloud
 15867 | D:10     | Noticed Harold
 15886 | D:10     | Killed Harold
 16153 | D:10     | Reached skill level 1 in Air Magic
 16656 | D:10     | Noticed a two-headed ogre
 16657 | D:10     | Banished a two-headed ogre
 16723 | D:11     | You add the spells Alistair's Intoxication, Borgnjor's Vile
                  | Clutch and Eringya's Noxious Bog to your library.
 16885 | D:11     | Noticed a two-headed ogre
 16909 | D:11     | Killed a two-headed ogre
 16910 | D:11     | Reached skill level 2 in Air Magic
 17088 | D:11     | Noticed a two-headed ogre
 17101 | D:11     | Killed a two-headed ogre
 17102 | D:11     | Reached skill level 8 in Spellcasting
 17217 | D:11     | Reached skill level 11 in Dodging
 17493 | D:11     | Reached skill level 3 in Air Magic
 17694 | D:11     | Reached XP level 12. HP: 72/72 MP: 17/26
 17994 | D:11     | Reached skill level 10 in Conjurations
 18180 | D:11     | You pick up a book of Sloth and begin reading...
 18180 | D:11     | You add the spells Petrify, Metabolic Englaciation and
                  | Statue Form to your library.
 18185 | D:11     | Learned a level 3 spell: Ignite Poison
 18506 | Lair:1   | Entered Level 1 of the Lair of Beasts
 18511 | Lair:1   | Reached skill level 9 in Spellcasting
 18520 | D:9      | Reached skill level 4 in Air Magic
 18742 | Lair:1   | Reached skill level 8 in Fighting
 18898 | Lair:1   | Noticed Urug
 18959 | Lair:1   | Killed Urug
 19898 | Lair:1   | You fall into a shaft and drop 1 floor!
 19921 | Lair:2   | Reached skill level 6 in Poison Magic
 20028 | Lair:2   | Reached skill level 12 in Dodging
 20032 | Lair:2   | Reached ***** piety under Lugonu
 20042 | Lair:2   | Reached skill level 10 in Spellcasting
 20523 | Lair:2   | Reached skill level 11 in Conjurations
 20800 | Lair:2   | Reached XP level 13. HP: 71/79 MP: 21/29
 20801 | Lair:2   | Reached skill level 1 in Transmutations
 20823 | Lair:2   | Learned a level 6 spell: Statue Form
 21414 | Lair:1   | Reached skill level 1 in Earth Magic
 21414 | Lair:1   | Reached skill level 7 in Poison Magic
 21737 | Lair:3   | Reached skill level 2 in Transmutations
 21747 | Lair:3   | Reached skill level 2 in Earth Magic
 21967 | Lair:3   | Reached skill level 3 in Transmutations
 22168 | Lair:3   | Reached skill level 3 in Earth Magic
 22287 | Lair:3   | Reached skill level 9 in Fighting
 22287 | Lair:3   | Reached skill level 4 in Transmutations
 22294 | Lair:3   | Reached skill level 4 in Earth Magic
 22472 | Lair:3   | Found a hole to the Spider Nest.
 22668 | Lair:3   | Reached skill level 5 in Transmutations
 23740 | Lair:4   | Reached skill level 5 in Earth Magic
 24129 | Lair:4   | Reached skill level 6 in Transmutations
 24132 | Lair:4   | Reached skill level 6 in Earth Magic
 24252 | Lair:4   | Reached skill level 12 in Conjurations
 24324 | Lair:4   | Found a staircase to the Swamp.
 24423 | Lair:4   | Reached skill level 7 in Transmutations
 24767 | Lair:4   | Found a blossoming altar of Fedhas.
 24854 | Lair:4   | Reached skill level 7 in Earth Magic
 25343 | Lair:4   | Reached XP level 14. HP: 84/86 MP: 7/30
 26159 | Lair:5   | Reached skill level 8 in Transmutations
 26193 | Lair:4   | Reached skill level 8 in Earth Magic
 26196 | Lair:4   | HP: 21/86 [poisoned by a cane toad]
 26201 | Lair:4   | HP: 15/86 [poisoned by a cane toad]
 27106 | Lair:5   | Identified the amulet "Ihis" {+Inv rElec rPois Regen+
                  | Dex+2}
 27279 | Lair:5   | Found a staircase to the Slime Pits.
 27630 | Lair:6   | Entered Level 6 of the Lair of Beasts
 27697 | Lair:6   | Reached skill level 9 in Transmutations
 27864 | Lair:6   | Reached skill level 11 in Spellcasting
 27864 | Lair:6   | Reached skill level 9 in Earth Magic
 28044 | Lair:6   | Reached skill level 12 in Spellcasting
 28102 | Lair:6   | Reached ****** piety under Lugonu
 28109 | Lair:6   | Learned a level 5 spell: Borgnjor's Vile Clutch
 28411 | Lair:6   | Reached skill level 1 in Evocations
 28630 | Lair:6   | Reached skill level 2 in Evocations
 28824 | Lair:6   | You pick up a book of Chaos and begin reading...
 28824 | Lair:6   | You add the spells Conjure Ball Lightning, Disjunction and
                  | Discord to your library.
 28920 | Lair:6   | Reached skill level 3 in Evocations
 29028 | Lair:6   | Reached skill level 13 in Dodging
 29189 | Lair:6   | Reached skill level 4 in Evocations
 29346 | Lair:6   | Reached skill level 13 in Spellcasting
 29587 | Lair:6   | Reached XP level 15. HP: 90/90 MP: 13/34
 29658 | Lair:6   | Identified the +9 war axe of the Evening {freeze, rElec rF+
                  | Dex-4}
 29726 | Lair:6   | Reached skill level 5 in Evocations
 29800 | Lair:6   | Reached skill level 10 in Earth Magic
 30595 | D:12     | Noticed Nergalle
 30599 | D:12     | Killed Nergalle
 30669 | D:12     | You add the spells Malign Gateway and Summon Horrible
                  | Things to your library.
 31434 | D:13     | Identified the +10 long sword "Pebon" {speed, Dex+3}
 31520 | D:13     | Reached skill level 6 in Evocations
 31955 | D:13     | Found a radiant altar of Vehumet.
 32835 | D:14     | Identified the +0 scale mail of Lifelessness {Harm Drain
                  | +Inv Str+4}
 32864 | D:13     | Reached skill level 7 in Evocations
 32983 | Orc:1    | Entered Level 1 of the Orcish Mines
 33051 | Orc:1    | Found a bloodstained altar of Trog.
 33183 | Orc:2    | Entered Level 2 of the Orcish Mines
 33692 | Orc:2    | Found a staircase to the Elven Halls.
 33838 | Orc:2    | Found a burning altar of Makhleb.
 33910 | Orc:2    | HP: 20/117 [sun demon (19)]
 33911 | Orc:2    | HP: 3/117 [sun demon (16)]
 34160 | Orc:2    | Found Geipsel's General Store.
 34164 | Orc:2    | Found Radevvet's Magic Scroll Shop.
 34363 | Orc:2    | Reached skill level 14 in Dodging
 34363 | Orc:2    | Reached skill level 14 in Spellcasting
 34426 | Orc:2    | Paralysed by an orc sorcerer for 2 turns
 34432 | Orc:2    | Reached skill level 8 in Evocations
 34628 | Orc:2    | Reached skill level 11 in Earth Magic
 34646 | Orc:2    | Paralysed by an orc sorcerer for 3 turns
 34650 | Orc:2    | Paralysed by an orc sorcerer for 2 turns
 34759 | Orc:2    | Reached skill level 9 in Evocations
 34973 | Orc:2    | Found Uqeumois's Antique Armour Shoppe.
 34973 | Orc:2    | Found Xubbaes's Jewellery Emporium.
 34974 | Orc:2    | Found a one-way gate leading to the halls of Pandemonium.
 35162 | Orc:2    | Identified a +4 demon trident of distortion (a +2 demon
                  | trident of flaming corrupted by Lugonu)
 35162 | Orc:2    | Received a gift from Lugonu
 35176 | Orc:2    | Bought a jet-encrusted leather armour for 217 gold pieces
 35176 | Orc:2    | Identified the +1 leather armour "Gokuptaloe" {Dex+3 SInv}
                  | (You bought it in a shop on level 2 of the Orcish Mines)
 35176 | Orc:2    | Bought a jewelled leather armour for 217 gold pieces
 35176 | Orc:2    | Identified the +3 leather armour "Rocep" {*Slow rElec
                  | Will+++ Slay+3} (You bought it in a shop on level 2 of the
                  | Orcish Mines)
 35205 | Orc:2    | Bought a scroll of magic mapping for 35 gold pieces
 35205 | Orc:2    | Bought a scroll of enchant weapon for 75 gold pieces
 35205 | Orc:2    | Bought a scroll of blinking for 75 gold pieces
 35205 | Orc:2    | Bought a scroll of amnesia for 35 gold pieces
 35205 | Orc:2    | Bought a scroll of teleportation for 30 gold pieces
 35489 | D:14     | Paralysed by an ogre mage for 4 turns
 35974 | D:14     | Found a gate to the Vaults.
 36057 | D:14     | You fall into a shaft and drop 1 floor!
 36057 | D:15     | Entered Level 15 of the Dungeon
 36430 | D:14     | Reached skill level 10 in Evocations
 36430 | D:14     | Reached XP level 16. HP: 96/96 MP: 36/36
 36511 | D:15     | Noticed Louise
 36537 | D:15     | Killed Louise
 36538 | D:15     | Reached skill level 1 in Shields
 36829 | D:15     | Reached skill level 15 in Spellcasting
 36865 | D:15     | Reached skill level 2 in Shields
 37030 | D:15     | Reached skill level 3 in Shields
 37113 | D:15     | Reached skill level 12 in Earth Magic
 37184 | D:15     | Found a staircase to the Depths.
 37394 | D:15     | You pick up a book of Touch and begin reading...
 37394 | D:15     | You add the spells Static Discharge and Dispel Undead to
                  | your library.
 37579 | D:15     | Reached skill level 1 in Necromancy
 37930 | Lair:3   | Reached skill level 4 in Shields
 37976 | Swamp:1  | Entered Level 1 of the Swamp
 37983 | Swamp:1  | Reached skill level 2 in Necromancy
 38211 | Swamp:1  | Reached skill level 5 in Shields
 38211 | Swamp:1  | Reached skill level 3 in Necromancy
 38501 | Swamp:1  | Reached skill level 4 in Necromancy
 38995 | Swamp:2  | Reached skill level 5 in Necromancy
 39048 | Swamp:2  | Reached skill level 13 in Earth Magic
 39924 | Swamp:2  | Noticed Donald
 39932 | Swamp:2  | Killed Donald
 39933 | Swamp:2  | Reached skill level 14 in Earth Magic
 40038 | Swamp:2  | a +2 eveningstar of protection {rare}; a +0 chain mail; a
                  | +0 kite shield of reflection
 40428 | Swamp:3  | Noticed Kirke
 40439 | Swamp:3  | Killed Kirke
 40456 | Swamp:2  | HP: 25/124 [constriction (14)]
 41038 | Swamp:3  | Reached skill level 15 in Earth Magic
 41228 | Swamp:3  | Reached XP level 17. HP: 100/100 MP: 33/38
 41313 | Swamp:3  | Noticed a tentacled monstrosity
 41340 | Swamp:3  | Killed a tentacled monstrosity
 41341 | Swamp:3  | Reached skill level 2 in Polearms
 41546 | Swamp:3  | Identified the +1 scale mail of Honour {Dex+3}
 41677 | Swamp:4  | Entered Level 4 of the Swamp
 41937 | Swamp:4  | Reached skill level 1 in Fire Magic
 42213 | D:9      | magus.rc [v1.11.3]
 42281 | Spider:1 | Entered Level 1 of the Spider Nest
 42319 | Lair:3   | HP: 21/130 [pharaoh ant (19)]
 42322 | Lair:3   | Reached skill level 2 in Fire Magic
 42680 | Spider:1 | Reached skill level 3 in Fire Magic
 42988 | Spider:1 | Reached skill level 4 in Fire Magic
 43612 | Spider:1 | Reached skill level 5 in Fire Magic
 44589 | Spider:2 | Reached skill level 15 in Dodging
 44986 | Spider:2 | Reached skill level 6 in Fire Magic
 45688 | Spider:2 | Reached skill level 10 in Fighting
 46095 | Spider:3 | Reached skill level 7 in Fire Magic
 46219 | Spider:3 | Reached skill level 8 in Fire Magic
 46646 | Spider:3 | Reached skill level 9 in Fire Magic
 47173 | Spider:3 | Reached XP level 18. HP: 107/107 MP: 28/39
 47175 | Spider:3 | Reached skill level 10 in Fire Magic
 47565 | Spider:4 | Entered Level 4 of the Spider Nest
 47630 | Spider:4 | Found a frozen archway.
 47636 | Spider:4 | Reached skill level 11 in Fire Magic
 47643 | IceCv    | Entered an ice cave
 47773 | IceCv    | Identified the amulet of the Destroying Saviour {Faith
                  | Will- rCorr Dex+3}
 47774 | IceCv    | Identified a +0 crystal plate armour of cold resistance
 47956 | IceCv    | Reached skill level 12 in Fire Magic
 48220 | IceCv    | Noticed a shard shrike
 48294 | IceCv    | magus.rc [v1.11.3]
 48294 | IceCv    | Banished a shard shrike
 48295 | IceCv    | Reached skill level 13 in Fire Magic
 48494 | Spider:4 | Identified Roxanne's Volume of Transmutation
 48494 | Spider:4 | Noticed Roxanne
 48554 | Spider:4 | Killed Roxanne
 48608 | Spider:4 | You add the spells Wereblood and Blade Hands to your
                  | library.
 48952 | Spider:4 | Reached skill level 14 in Fire Magic
 49212 | Spider:4 | You pick up a book of Changes and begin reading...
 49346 | Spider:4 | Identified the +3 leather armour "Lenluem" {rF+ rN+ Int+3}
 49627 | Spider:4 | Reached skill level 15 in Fire Magic
 49910 | Spider:4 | Reached skill level 1 in Armour
 49937 | Spider:4 | HP: 20/107 [something (12)]
 50360 | Orc:2    | Bought a ring of see invisible for 180 gold pieces
 50793 | Spider:4 | Learned a level 8 spell: Ignition
 51055 | Spider:4 | Got a gossamer rune of Zot
 51116 | Spider:4 | Reached skill level 2 in Armour
 51451 | Swamp:4  | HP: 33/140 [azure jelly (21)]
 51845 | Swamp:4  | Acquired the amulet of Necul {RegenMP rElec rF+++ Int-3
                  | SInv}
 52754 | Swamp:4  | Paralysed by a fenstrider witch for 6 turns
 53030 | Swamp:4  | Reached XP level 19. HP: 112/112 MP: 40/40
 53179 | Swamp:4  | Got a decaying rune of Zot
 53588 | Vaults:1 | Entered Level 1 of the Vaults
 53618 | Vaults:1 | Noticed Aizul
 53622 | Vaults:1 | Banished Aizul
 53625 | Vaults:1 | Noticed Nikola
 53626 | Vaults:1 | Reached skill level 16 in Fire Magic
 53646 | Vaults:1 | Killed Nikola
 53960 | Vaults:1 | Found a magical portal.
 53965 | WizLab   | Entered The Chambers of the Cloud Mage
 53973 | WizLab   | Paralysed by an air elemental for 1 turns
 53975 | WizLab   | Paralysed by an air elemental for 1 turns
 53979 | WizLab   | Paralysed by an air elemental for 1 turns
 53982 | WizLab   | Paralysed by an air elemental for 1 turns
 53987 | WizLab   | Paralysed by an air elemental for 1 turns
 54032 | WizLab   | Paralysed by an air elemental for 1 turns
 54082 | WizLab   | You pick up a book of Vapours and begin reading...
 54100 | WizLab   | Paralysed by an air elemental for 1 turns
 54354 | WizLab   | Paralysed by an air elemental for 1 turns
 54356 | WizLab   | Paralysed by an air elemental for 1 turns
 54359 | WizLab   | Paralysed by an air elemental for 1 turns
 54362 | WizLab   | Paralysed by an air elemental for 1 turns
 54481 | WizLab   | Paralysed by an air elemental for 1 turns
 54507 | WizLab   | Paralysed by an air elemental for 1 turns
 54517 | WizLab   | Paralysed by an air elemental for 1 turns
 54519 | WizLab   | Paralysed by an air elemental for 1 turns
 54522 | WizLab   | Paralysed by an air elemental for 1 turns
 54526 | WizLab   | Paralysed by an air elemental for 1 turns
 54530 | WizLab   | HP: 32/145 [something (22)]
 54546 | WizLab   | HP: 23/145 [something] (24)]
 54582 | WizLab   | HP: 35/145 [air elemental/stunning burst (6)]
 55026 | WizLab   | Identified the +8 spear of Kod Xevu {spect, +Blink rF-
                  | rC+++ Stlth+}
 55026 | WizLab   | Noticed Ladanoma
 55026 | WizLab   | Ladanoma the Cloud Mage comes into view. He is wielding the
                  | +8 spear of Kod Xevu {spect, +Blink rF- rC+++ Stlth+} and
                  | wearing the +3 robe of Clouds {*Thunder rCloud rElec}.
 55026 | WizLab   | Here: Ladanoma the Cloud Mage, wielding the +8 spear of Kod
                  | Xevu {spect, +Blink rF- rC+++ Stlth+}, wearing the +3 robe
                  | of Clouds {*Thunder rCloud rElec} and wearing a +4 ring of
                  | evasion (wandering, hasn't noticed you)
 55026 | WizLab   | Here: Ladanoma the Cloud Mage, wielding the +8 spear of Kod
                  | Xevu {spect, +Blink rF- rC+++ Stlth+}, wearing the +3 robe
                  | of Clouds {*Thunder rCloud rElec} and wearing a +4 ring of
                  | evasion (wandering, hasn't noticed you)
 55047 | WizLab   | HP: 25/112 [Ladanoma the Cloud Mage/the air (9)]
 55049 | WizLab   | HP: 10/112 [Ladanoma the Cloud Mage/the +8 spear of Kod
                  | Xevu {spect, +Blink rF- rC+++ Stlth+} (9)]
 55050 | WizLab   | HP: 3/112 [Ladanoma the Cloud Mage/the +8 spear of Kod Xevu
                  | {spect, +Blink rF- rC+++ Stlth+} (7)]
 55050 | WizLab   | Killed from afar by Ladanoma the Cloud Mage

Vanquished Creatures
  Nikola (Vaults:1)
  A tentacled monstrosity (Swamp:3)
  Roxanne (Spider:4)
  An azure jelly (Swamp:4)
  Donald (Swamp:2)
  A fenstrider witch (Swamp:4)
  5 emperor scorpions
  5 ghost moths
  Louise (D:15)
  2 broodmothers
  3 eleionomae
  A white draconian (IceCv)
  5 bunyips
  6 entropy weavers
  7 spark wasps
  A shambling mangrove (Swamp:2)
  2 blizzard demons (WizLab)
  Harold (D:10)
  2 ice dragons (Swamp:4)
  4 jorogumos
  3 demonspawn (Orc:2)
  5 boulder beetles
  20 hydras
  An ogre mage (D:14)
  A spriggan air mage (WizLab)
  3 catoblepae
  3 ghost crabs
  A death knight (D:14)
  4 centaur warriors
  3 ironbound frosthearts (IceCv)
  4 alligators
  2 radroaches (Spider:3)
  A tengu warrior (D:13)
  Urug (Lair:1)
  12 death yaks
  4 two-headed ogres
  A shock serpent (WizLab)
  6 orc high priests (Orc:2)
  Nergalle (D:12)
  4 pharaoh ants
  A skeletal warrior (D:14)
  6 goliath frogs
  8 steelbarb worms
  4 spriggan druids
  2 death drakes
  A wizard (D:14)
  8 orb spiders
  8 swamp dragons
  A phantasmal warrior (D:13)
  4 bog bodies
  Pikel (D:3)
  3 lindwurms
  A necromancer (Swamp:1)
  6 orc knights (Orc:2)
  18 ugly things
  2 deep elf pyromancers (D:14)
  19 wolf spiders
  6 orc sorcerers (Orc:2)
  A salamander (D:15)
  3 oklob plants
  4 manticores
  3 will-o-the-wisps
  5 moths of wrath
  6 cyclopes
  25 elephants
  Joseph (D:7)
  7 black mambas
  5 torpor snails
  A vault sentinel (Vaults:1)
  2 apocalypse crabs (WizLab)
  11 cane toads
  An ice statue (D:14)
  Psyche (D:8)
  2 unseen horrors
  17 komodo dragons
  Maggie (D:7)
  26 rime drakes
  5 yaktaurs
  2 freezing wraiths
  A tengu conjurer (D:15)
  7 demonic crawlers
  An efreet (D:14)
  A red devil (Orc:2)
  6 kobold demonologists
  A spriggan skeleton (Swamp:1)
  3 trolls
  17 meliai
  10 polar bears (IceCv)
  A merfolk (D:15)
  5 tyrant leeches
  16 hornets
  24 blink frogs
  A death drake skeleton (Swamp:1)
  7 slime creatures
  9 dream sheep
  28 tarantellas
  18 jumping spiders
  A shadow (D:10)
  10 air elementals (WizLab)
  24 culicivoras
  2 vampires
  11 spriggans
  2 water elementals (D:15)
  10 basilisks
  10 wyverns
  51 yaks
  Eustachio (D:5)
  3 hogs (Swamp:3)
  47 redbacks
  A steam dragon (Lair:6)
  A ynoxinul (Orc:2)
  15 vampire mosquitoes
  5 swamp worm simulacra (Swamp:4)
  Menkaure (D:5)
  A neqoxec (Orc:2)
  14 swamp worms
  An acid dragon (Lair:6)
  14 hydra simulacra (Swamp:4)
  6 wargs
  A hell hound (D:15)
  9 water moccasins
  2 swamp drakes
  42 orc warriors
  5 black bears
  4 ice beasts
  8 ogres
  A sky beast (D:5)
  43 wolves
  6 centaurs
  A lemure (D:5)
  3 kobold brigands
  9 bullfrogs
  A gnoll sergeant (D:11)
  A scorpion (D:5)
  A wyvern skeleton (D:7)
  4 killer bees (D:10)
  5 wights
  11 electric eels
  5 howler monkeys
  Crazy Yiuf (D:4)
  A centaur zombie (D:10)
  2 hounds
  23 orc priests
  A bullfrog skeleton (D:5)
  A centaur skeleton (D:5)
  Natasha (thrice) (D:3)
  7 iguanas
  16 orc wizards
  21 hell rats
  2 killer bee zombies
  2 hound skeletons
  A howler monkey zombie (D:7)
  12 gnolls
  11 adders
  A shadow imp (D:6)
  2 white imps
  2 swamp drake simulacra (Swamp:4)
  An ufetubus (D:5)
  3 dart slugs
  2 worms (D:2)
  69 orcs
  7 ball pythons
  6 bats
  5 endoplasms
  A giant cockroach (D:3)
  14 goblins
  10 hobgoblins
  4 jackals (D:4)
  18 kobolds
  3 quokkas
  2 frilled lizards (D:1)
  4 rats
  A bush (Lair:4)
1167 creatures vanquished.

Vanquished Creatures (collateral kills)
  A blizzard demon (WizLab)
  A ghost crab (WizLab)
  A sun demon (Orc:2)
  A demonic crawler (Spider:4)
  A jumping spider (Spider:4)
  An air elemental (WizLab)
  An orc warrior (Orc:2)
  2 orcs (Orc:2)
9 creatures vanquished.

Vanquished Creatures (others)
  Kirke (Swamp:3)
  A fenstrider witch (Swamp:3)
  2 emperor scorpions (Spider:4)
  An alligator (Swamp:4)
  A goliath frog (Swamp:4)
  A swamp dragon (Swamp:3)
  A wizard (Vaults:1)
  A spriggan (Swamp:2)
  A human (Swamp:3)
  A swamp worm (Swamp:3)
  18 foxfires
  183 fulminant prisms
  35 fungi
  64 plants
  12 toadstools (Lair:4)
323 creatures vanquished.

Grand Total: 1499 creatures vanquished

Table legend:
 A = Non-vault XP
 B = Vault XP
 C = Vault XP percentage of total XP
 D = Non-vault monster count
 E = Vault monster count
 F = Vault count percentage of total count
                 A         B        C        D         E       F
            +---------+---------+-------+---------+---------+-------
      Total |  257718 |  140856 |  35.3 |     848 |     389 |  31.4
            +---------+---------+-------+---------+---------+-------
        D:1 |      41 |       0 |   0.0 |      17 |       0 |   0.0
        D:2 |      42 |       0 |   0.0 |      15 |       0 |   0.0
        D:3 |     205 |     677 |  76.8 |      29 |       2 |   6.5
        D:4 |     123 |      44 |  26.3 |      20 |       1 |   4.8
        D:5 |    1041 |     368 |  26.1 |      23 |       2 |   8.0
        D:6 |     856 |       0 |   0.0 |      18 |       0 |   0.0
        D:7 |    1622 |     860 |  34.6 |      18 |       2 |  10.0
        D:8 |     858 |    1807 |  67.8 |      20 |       2 |   9.1
        D:9 |    4163 |     458 |   9.9 |      23 |       5 |  17.9
       D:10 |    2767 |     902 |  24.6 |      12 |       1 |   7.7
       D:11 |    6300 |       0 |   0.0 |      34 |       0 |   0.0
       D:12 |    2622 |     761 |  22.5 |       9 |       1 |  10.0
       D:13 |    8138 |       2 |   0.0 |      21 |       1 |   4.5
       D:14 |   10648 |    2936 |  21.6 |      19 |       4 |  17.4
       D:15 |    9108 |    8570 |  48.5 |      20 |      30 |  60.0
     Lair:1 |    5243 |     808 |  13.4 |      18 |       1 |   5.3
     Lair:2 |    4563 |    3368 |  42.5 |      25 |      28 |  52.8
     Lair:3 |   16730 |     896 |   5.1 |      57 |       4 |   6.6
     Lair:4 |   16912 |     542 |   3.1 |      31 |       1 |   3.1
     Lair:5 |    5772 |    1107 |  16.1 |      14 |       2 |  12.5
     Lair:6 |   17922 |   14433 |  44.6 |      53 |      34 |  39.1
    Swamp:1 |   16713 |    2055 |  10.9 |      31 |       4 |  11.4
    Swamp:2 |   13684 |    1349 |   9.0 |      29 |       1 |   3.3
    Swamp:3 |   14730 |    2042 |  12.2 |      26 |       5 |  16.1
    Swamp:4 |   12733 |    7436 |  36.9 |      23 |      29 |  55.8
   Spider:1 |   15517 |    3140 |  16.8 |      43 |       7 |  14.0
   Spider:2 |   11246 |       0 |   0.0 |      25 |       0 |   0.0
   Spider:3 |   24982 |       0 |   0.0 |      62 |       0 |   0.0
   Spider:4 |   26705 |   23420 |  46.7 |      64 |      35 |  35.4
      Orc:1 |     678 |       0 |   0.0 |       7 |       0 |   0.0
      Orc:2 |    3923 |   17297 |  81.5 |      40 |      70 |  63.6
   Vaults:1 |    1131 |    3924 |  77.6 |       2 |       3 |  60.0
     Bailey |       0 |    2769 | 100.0 |       0 |      40 | 100.0
      IceCv |       0 |   23521 | 100.0 |       0 |      46 | 100.0
     WizLab |       0 |   15364 | 100.0 |       0 |      28 | 100.0
            +---------+---------+-------+---------+---------+-------

Illustrated notes

Table legend:
 A = Kills in this place as a percentage of kills in entire the game.
 B = Kills by you in this place as a percentage of kills by you in the entire game.
 C = Kills by friends in this place as a percentage of kills by friends in the entire game.
 D = Other kills in this place as a percentage of other kills in the entire game.
 E = Experience gained in this place as a percentage of experience gained in the entire game.
 F = Experience gained in this place divided by the number of levels of this place that you have seen.
                   A       B       C       D       E      F
               +-------+-------+-------+-------+-------+----------------------
         Total | 100.0 | 100.0 | 100.0 | 100.0 | 100.0 | 10772.3
       Dungeon |  28.2 |  28.8 |   0.0 |  22.2 |  16.5 | 4394.6
          Lair |  21.7 |  22.7 |   0.0 |   4.8 |  22.2 | 14716.0
         Swamp |  12.0 |  11.4 |   0.0 |  23.8 |  17.7 | 17685.5
   Spider Nest |  19.1 |  18.4 |  22.2 |  31.7 |  26.3 | 26252.5
  Orcish Mines |   9.5 |   9.7 |  44.4 |   0.0 |   5.5 | 10949.0
        Vaults |   0.4 |   0.3 |   0.0 |   3.2 |   1.3 | 5055.0
        Bailey |   3.2 |   3.4 |   0.0 |   0.0 |   0.7 | 2769.0
      Ice Cave |   3.7 |   3.7 |   0.0 |   4.8 |   5.9 | 23521.0
        Wizlab |   2.3 |   1.6 |  33.3 |   9.5 |   3.9 | 15364.0
               +-------+-------+-------+-------+-------+----------------------

Table legend: (Time is in decaauts)
 A = Elapsed time spent in this place.
 B = Non-inter-level travel time spent in this place.
 C = Inter-level travel time spent in this place.
 D = Time resting spent in this place.
 E = Time spent auto-exploring this place.
 F = Levels seen in this place.
 G = Mean time per level.
                   A        B        C        D        E       F      G
               +--------+--------+--------+--------+--------+-----+--------+
         Total |  62231 |  58861 |   3370 |  14215 |  32984 |  37 | 1681.9 |
       Dungeon |  24021 |  22688 |   1333 |   4998 |  13752 |  15 | 1601.4 |
        Temple |    175 |    175 |      0 |    174 |      0 |   1 |  175.0 |
          Lair |  13387 |  12453 |    934 |   3185 |   7394 |   6 | 2231.2 |
         Swamp |   7793 |   7354 |    439 |   2252 |   3385 |   4 | 1948.2 |
   Spider Nest |   9190 |   8799 |    391 |   1327 |   5566 |   4 | 2297.5 |
  Orcish Mines |   3067 |   2797 |    270 |    306 |   1719 |   2 | 1533.5 |
        Vaults |    405 |    405 |      0 |    244 |     17 |   1 |  405.0 |
         Abyss |      9 |      9 |      0 |      0 |      1 |   1 |    9.0 |
        Bailey |   1644 |   1644 |      0 |    697 |    330 |   1 | 1644.0 |
      Ice Cave |   1141 |   1141 |      0 |    222 |    613 |   1 | 1141.0 |
        Wizlab |   1394 |   1394 |      0 |    807 |    205 |   1 | 1394.0 |
               +--------+--------+--------+--------+--------+-----+--------+

Top non-repeatable levels by time:
  Lair:3: 3274 daAuts
  Lair:6: 3130 daAuts
   Orc:2: 2823 daAuts
Spider:3: 2656 daAuts
  Lair:4: 2626 daAuts
Spider:4: 2535 daAuts
 Swamp:4: 2320 daAuts
     D:4: 2211 daAuts
     D:5: 2173 daAuts
 Swamp:1: 2158 daAuts
Spider:2: 2126 daAuts
     D:6: 1915 daAuts
    D:11: 1893 daAuts
Spider:1: 1873 daAuts
     D:9: 1794 daAuts
